 Dungeon Crawl Stone Soup version 0.19-a0-1019-g9c6a58d (webtiles) character file.

1094 Arkorax the Changer (level 8, -18/70 HPs)
             Began as a Grey Draconian Transmuter on July 25, 2016.
             Demolished by an orc warrior
             ... wielding a +0 war axe
              (25 damage)
             ... on level 6 of the Dungeon.
             The game lasted 00:09:37 (7269 turns).

Arkorax the Changer (Grey Draconian Transmuter)     Turns: 7269, Time: 00:09:38

Health: -18/70     AC:  5    Str: 14    XL:     8   Next: 9%
Magic:  11/11      EV: 10    Int: 11    God:
Gold:   251        SH:  0    Dex: 15    Spells: 3 memorised, 3 levels left

rFire  x . .     SeeInvis .       - Unarmed
rCold  + + +     Gourm    .     (armour unavailable)
rNeg   . . .     Faith    .     (shield currently unavailable)
rPois  +         Spirit   .     (helmet currently unavailable)
rElec  .         Dismiss  .     (cloak currently unavailable)
rCorr  .         Reflect  .     (gloves currently unavailable)
SustAt .         Harm     .     (boots currently unavailable)
MR     .....                    D - amulet of magic regeneration
Stlth  ..........               H - ring of wizardry
                                F - ring of loudness (curse)

@: ice-form (expiring), drained, not resistant to hostile enchantments,
extremely unstealthy
A: (walk through water), unfitting armour, (big wings), dopey 1, strong 1,
(unbreathing), (cold-blooded), AC +11
a: End Transformation


You were on level 6 of the Dungeon.
You were not hungry.
You were a creature of crystalline ice.
You visited 1 branch of the dungeon, and saw 6 of its levels.

You collected 251 gold pieces.

Inventory:

Hand Weapons
 z - a +0 blowgun
Missiles
 a - 69 arrows
 A - a curare-tipped needle
Armour
 o - a +0 pair of gloves (melded)
 K - a +0 cloak (melded)
Jewellery
 v - a +3 ring of strength
 D - an amulet of magic regeneration (around neck)
 F - a cursed ring of loudness (left front paw)
 G - an uncursed amulet of harm
 H - a ring of wizardry (right front paw)
Wands
 B - a wand of disintegration (14/24)
 E - a wand of iceblast (8/15)
 I - a wand of lightning (4/15)
 J - a wand of random effects (13/48)
 L - a wand of paralysis (9/24)
Scrolls
 d - a scroll of blinking {unknown}
 e - 3 scrolls of enchant weapon {unknown}
 f - a scroll of magic mapping {unknown}
 h - 2 scrolls of amnesia {unknown}
 i - 2 scrolls of fog {unknown}
 k - 8 scrolls of identify {unknown}
 p - a scroll of teleportation {unknown}
 s - 2 scrolls of noise {unknown}
 x - a scroll of fear {unknown}
 y - 2 scrolls of remove curse {unknown}
 C - a scroll of recharging {unknown}
Potions
 g - a potion of cancellation
 j - 2 potions of magic
 l - 3 potions of mutation
 n - 2 potions of degeneration {unknown}
 u - a potion of haste {unknown}
 w - a potion of brilliance {unknown}
Books
 b - a book of Changes

   Spells                             Type                      Level
   a - Beastly Appendage              Transmutation                1
   b - Sticks to Snakes               Transmutation                2
   c - Spider Form                    Transmutation/Poison         3
   d - Ice Form                       Ice/Transmutation            4
   e - Blade Hands                    Transmutation                5
Comestibles
 q - 2 fruits
 r - a beef jerky


   Skills:
 - Level 1.1(0.7) Fighting
 - Level 1.7(1.3) Dodging
 + Level 5.6(5.1) Unarmed Combat
 - Level 2.0(1.6) Spellcasting
 * Level 6.7(6.2) Transmutations
 * Level 3.5(3.1) Ice Magic
 - Level 3.1(2.7) Poison Magic


You had 3 spell levels left.
You knew the following spells:

 Your Spells              Type           Power        Failure   Level  Hunger
a - Beastly Appendage     Tmut           ##....       1%          1    ##.....
b - Spider Form           Tmut/Pois      ##........   7%          3    ####...
c - Ice Form              Ice/Tmut       ##......     21%         4    #####..


Dungeon Overview and Level Annotations

Branches:
Dungeon (6/15)
 Temple: D:4-7

Altars:
Fedhas
The Shining One

Shops:
D:4 *

Annotations:
D:5 exclusion: oklob plant
D:6 Prince Ribbit


Innate Abilities, Weirdness & Mutations

((You can walk through water.))
((Your dull iron-grey scales are very hard. (AC +11)))
Your body does not fit into most forms of armour.
((You can survive without breathing.))
((You are cold-blooded and may be slowed by cold attacks.))
((Your large and strong wings let you fly indefinitely.))
You are dopey. (Int -2)
Your muscles are strong. (Str +2)


Message History

An orc comes into view. It is wielding a dagger.
The orc shouts!
The orc hits you but does no damage.
You punch the orc! You freeze the orc.
You kill the orc!
The orc closely misses you.
You see here a dagger.
The worm bites you!
* * * LOW HITPOINT WARNING * * *
It was a potion of mutation.
You feel extremely strange.
Your wings grow larger and stronger.
You feel stupid.
You feel stronger.
The orc warrior hits you with a war axe.
* * * LOW HITPOINT WARNING * * *
It was a potion of magic.
Magic courses through your body. The worm closely misses you.
The orc warrior closely misses you.
It was a potion of cancellation.
Your magical effects are unravelling.
You feel magically purged.
The orc warrior hits you with a war axe!!
You die...

.########'#####.#.#
..........# #.#.#
###########..# #...# ......#
#..# ##.!# #####.# #..# #..#
#...#.#####..######..######
#..##............o.........
#....<#############..########
##.#...........wYoo..........
...#.###############..#######
####.# #.............. #.#
#w#####..###### #.# ......
#.# ###..### #.# ..# #.# #..
#.. ..#


You could see an orc warrior, a worm and an orc.

Vanquished Creatures
  A sky beast (D:5)
  An ogre (D:4)
  A centaur (D:5)
  A giant frog (D:6)
  2 scorpions
  2 crimson imps (D:5)
  A giant frog zombie (D:5)
  2 howler monkeys
  An orc priest (D:3)
  3 orc wizards
  A giant frog skeleton (D:5)
  Natasha (thrice) (D:3)
  3 worker ants
  4 gnolls
  7 adders
  An ooze (D:3)
  A worm (D:3)
  A dart slug (D:3)
  9 giant geckos
  14 orcs
  2 ball pythons
  9 bats
  5 giant cockroaches
  7 goblins
  7 hobgoblins
  4 jackals
  4 kobolds
  5 quokkas
  A giant cockroach zombie (D:5)
  A giant gecko skeleton (D:4)
  A giant gecko zombie (D:5)
  6 giant newts
  A quokka skeleton (D:4)
  5 rats
117 creatures vanquished.

Notes
Turn   | Place    | Note
-------+----------+-------------------------------------------
     0 | D:1      | Arkorax the Draconian Transmuter began the quest for the Orb.
     0 | D:1      | Reached XP level 1. HP: 16/16 MP: 3/3
   426 | D:1      | Reached XP level 2. HP: 11/23 MP: 3/5
  1107 | D:2      | Reached XP level 3. HP: 24/28 MP: 6/6
  1306 | D:2      | Learned a level 3 spell: Spider Form
  1522 | D:2      | Reached skill level 3 in Transmutations
  1526 | D:2      | Reached skill level 1 in Poison Magic
  1633 | D:1      | Reached XP level 4. HP: 7/35 MP: 7/7
  2269 | D:3      | Reached XP level 5. HP: 16/40 MP: 5/8
  2272 | D:3      | Reached skill level 4 in Transmutations
  3370 | D:3      | Found a faded altar of an unknown god.
  3491 | D:4      | Noticed Natasha
  3517 | D:4      | Reached XP level 6. HP: 34/47 MP: 5/9
  3754 | D:3      | Learned a level 4 spell: Ice Form
  3918 | D:3      | Killed Natasha
  3990 | D:3      | Noticed a sky beast
  4162 | D:3      | Noticed Natasha
  4173 | D:3      | Killed Natasha
  4173 | D:3      | Reached skill level 5 in Transmutations
  4177 | D:3      | Noticed Natasha
  4186 | D:3      | Killed Natasha
  4434 | D:4      | Found Hunuzail's Humungous Hoard.
  4483 | D:4      | Your scales start taking on a dull iron-grey colour.
  4483 | D:4      | Reached XP level 7. HP: 52/52 MP: 6/10
  4483 | D:4      | Gained mutation: You can survive without breathing. [Grey Draconian growth]
  4598 | D:4      | Found a glowing golden altar of the Shining One.
  4808 | D:5      | Entered Level 5 of the Dungeon
  4833 | D:5      | Reached skill level 5 in Unarmed Combat
  4833 | D:5      | Reached skill level 1 in Ice Magic
  4884 | D:5      | Found a glowing drain.
  5352 | D:5      | Reached skill level 6 in Transmutations
  5961 | D:5      | Found a blossoming altar of Fedhas.
  5975 | D:5      | Noticed an oklob plant
  6236 | D:6      | Noticed Prince Ribbit
  6599 | D:5      | Reached XP level 8. HP: 59/59 MP: 8/11
  7267 | D:6      | Gained mutation: Your large and strong wings let you fly indefinitely. [potion of mutation]
  7267 | D:6      | Gained mutation: You are dopey. (Int -2) [potion of mutation]
  7267 | D:6      | Gained mutation: Your muscles are strong. (Str +2) [potion of mutation]
  7269 | D:6      | Demolished by an orc warrior

Vault maps used:
D:1:      elethiomel_arrival_infinity_welcomes_careful_drivers,
          nrook_mini_vaults
D:2:      first_bread
D:3:      ecumenical_altar_1
D:4:      serial_bayou_pond_d, nicolae_alphabet_shops,
          nicolae_tso_carved_into_rock, uniq_natasha
D:5:      tgw_fedhas, portal_sewer_entry_f, kennysheep_diamond
D:6:      serial_shops, kennysheep_mini_moat, uniq_prince_ribbit1

Skill      XL: |  1  2  3  4  5  6  7 |
---------------+----------------------+-----
Transmutations | 3 4 5 6 |  6.7
Unarmed Combat | 4 5 |  5.6
Poison Magic   | 1 2 3 |  3.1
Ice Magic      | 3 |  3.5
Fighting       | |  1.1
Dodging        | |  1.7
Spellcasting   | |  2.0

Action                   |  1- 3 |  4- 6 |  7- 9 || total
-------------------------+-------+-------+-------++-------
Melee: Unarmed           |   125 |   187 |   139 ||   451
       Tailslap          |    18 |    18 |    10 ||    46
       Punch             |       |     3 |     1 ||     4
 Cast: Beastly Appendage |     1 |       |       ||     1
       Spider Form       |     1 |    11 |    11 ||    23
       Ice Form          |       |       |     2 ||     2
  Use: Potion            |       |     1 |     4 ||     5
 Stab: Sleeping          |     1 |       |       ||     1
  Eat: Chunk             |     2 |     3 |     2 ||     7
       Bread ration      |       |     2 |     1 ||     3
       Fruit             |       |       |     4 ||     4
       Meat ration       |       |       |     1 ||     1
Armor: Skin              |    40 |    40 |    35 ||   115
Dodge: Dodged            |    85 |   128 |    78 ||   291
